 Dungeon Crawl Stone Soup version 0.25-a0-426-g7d9e569eea (webtiles) character file.

Game seed: 967760122744391385, levelgen mode: deterministic

109 BeastOfSaturn the Ruffian (level 4, 0/35 HPs)
             Began as a Draconian Transmuter on Jan 25, 2020.
             Killed from afar by Natasha (4 damage)
             ... with a magic dart
             ... on level 3 of the Dungeon.
             The game lasted 00:09:24 (2833 turns).

BeastOfSaturn the Ruffian (Draconian Transmuter)    Turns: 2833, Time: 00:09:24

Health: 0/35       AC:  6    Str: 13    XL:     4   Next: 60%
Magic:  7/7        EV: 12    Int: 14    God:
Gold:   61         SH:  4    Dex: 16    Spells: 6/7 levels left

rFire    . . .     SeeInvis .     - Unarmed
rCold    . . .     Gourm    .   i - +0 buckler
rNeg     . . .     Faith    .   (armour unavailable)
rPois    .         Spirit   .   (helmet restricted)
rElec    .         Reflect  .   (no cloak)
rCorr    .         Harm     .   (no gloves)
MR       .....                  h - +0 pair of boots
Stlth    ++........             (no amulet)
HPRegen  0.11/turn              l - +5 ring of dexterity
MPRegen  0.10/turn              (no ring)

@: slowed, very slow
A: unfitting armour, cold-blooded, AC +5
a: no special abilities


You were on level 3 of the Dungeon.
You were not hungry.

You visited 1 branch of the dungeon, and saw 3 of its levels.

You collected 61 gold pieces.

Inventory:

Missiles
 a - 42 arrows
Armour
 h - a +0 pair of boots (worn)
 i - a +0 buckler (worn)
Jewellery
 l - a +5 ring of dexterity (left hand)
Scrolls
 g - 3 scrolls of identify
 n - a scroll of blinking {unknown}
 q - a scroll of remove curse
Potions
 d - a potion of brilliance {unknown}
 j - 2 potions of agility {unknown}
 k - a potion of flight {unknown}
 m - a potion of heal wounds {unknown}
 o - 2 potions of degeneration {unknown}
Comestibles
 c - a ration


   Skills:
 + Level 1.2 Fighting
 * Level 2.5 Dodging
 + Level 0.3 Stealth
 * Level 1.2 Shields
 * Level 4.2 Unarmed Combat
 + Level 2.3 Spellcasting
 + Level 2.3 Transmutations


You had 6 spell levels left.
You knew the following spells:

 Your Spells              Type           Power        Failure   Level  Hunger
a - Beastly Appendage     Tmut           #.....       13%         1    #......

Your spell library contained the following spells:

 Spells                   Type           Power        Failure   Level  Hunger
 Sticks to Snakes         Tmut           #.......     19%         2    ###....
 Spider Form              Tmut/Pois      #.........   52%         3    ###....
 Ice Form                 Ice/Tmut       #.......     90%         4    #####..
 Blade Hands              Tmut           #.........   98%         5    ######.


Dungeon Overview and Level Annotations

Branches:
Dungeon (3/15)

Altars:

Annotations:
D:3 Natasha


Innate Abilities, Weirdness & Mutations

Your plain brown scales are hard. (AC +5)
You cannot fit into any form of body armour.
You are cold-blooded and may be slowed by cold attacks.


Message History

The white imp gestures at you. The puff of frost hits you.
* * * LOW HITPOINT WARNING * * *
Natasha misses you.
The crimson imp blinks!
The white imp gestures at you. The puff of frost misses you.
Natasha stares at you and mumbles some strange words.
The magic dart hits you.
* * * LOW HITPOINT WARNING * * *
The white imp barely misses you.
Natasha casts a spell.
The crimson imp blinks!
The white imp disappears in a puff of smoke!
Natasha stares at you and mumbles some strange words.
You resist with some effort.
There is an open door here.
Natasha stares at you and mumbles some strange words.
The magic dart hits you.
You die...

# .....# ##### ....### ###
..... ..... ... ....####..#
#.# ..........# ...
..........#### #.# .#
####..#.#....###.# ###.#
..##..#.###....#.####.#.#
..##........55.'@.......#
..(..........ยง.#........#
.............h.#..#)....#
##..........####..#.[...#
#..........##....#..<..#
####........##....#.....#
5.......######....#........
........######.#'##....#####
.........)))...#.##.####


You could see an iron imp, Natasha and a crimson imp.

Vanquished Creatures
  Robin (D:3)
  2 adders (D:2)
  An adder skeleton (D:3)
  A worm (D:2)
  A dart slug (D:1)
  2 leopard geckos (D:2)
  4 orcs (D:3)
  A ball python (D:2)
  6 bats
  6 giant cockroaches
  14 goblins
  5 hobgoblins
  7 kobolds
  A quokka (D:2)
  2 frilled lizards (D:2)
  10 rats
64 creatures vanquished.

Notes
Turn   | Place    | Note
-------+----------+-------------------------------------------
     0 | D:1      | BeastOfSaturn the Draconian Transmuter began the quest for
                  | the Orb.
     0 | D:1      | Reached XP level 1. HP: 16/16 MP: 3/3
    77 | D:1      | Reached XP level 2. HP: 23/23 MP: 5/5
   608 | D:2      | Reached XP level 3. HP: 21/28 MP: 4/6
  1429 | D:2      | Reached skill level 4 in Unarmed Combat
  1457 | D:2      | Reached XP level 4. HP: 31/35 MP: 7/7
  1790 | D:3      | Noticed Robin
  1821 | D:3      | Killed Robin
  1821 | D:3      | Reached skill level 1 in Shields
  2786 | D:3      | Noticed Natasha
  2803 | D:3      | HP: 1/35 [Natasha (7)]
  2810 | D:3      | HP: 1/35 [Natasha (7)]
  2833 | D:3      | Killed from afar by Natasha

Levels and vault maps discovered:
D:1:      onia_arrival_larder, layout_rooms
D:2:      layout_basic
D:3:      layout_basic, yredelemnul_altar_generic, lemuel_blue_sif_altar,
          grunt_temple_overflow_open, serial_undead, serial_undead_d,
          serial_undead_a, serial_undead_c, serial_undead_b, serial_undead_c,
          serial_undead_f, uniq_terence, uniq_natasha, uniq_robin

Skill      XL: |  1  2  3  4 |
---------------+-------------+-----
Dodging        | 2 |  2.5
Unarmed Combat | 4 |  4.2
Shields        | 1 |  1.2
Fighting       | |  1.2
Stealth        | |  0.3
Spellcasting   | |  2.3
Transmutations | |  2.3

Action                   |  1- 3 |  4- 6 || total
-------------------------+-------+-------++-------
Melee: Unarmed           |   131 |    88 ||   219
       Tailslap          |     7 |     5 ||    12
       Headbutt          |     6 |    11 ||    17
       Punch             |     1 |       ||     1
       Kick              |     1 |       ||     1
 Cast: Beastly Appendage |    16 |     9 ||    25
  Use: Scroll            |     2 |     1 ||     3
       Potion            |       |     4 ||     4
 Stab: Sleeping          |     2 |       ||     2
  Eat: Ration            |     1 |     1 ||     2
Armor: Skin              |    54 |    33 ||    87
Dodge: Dodged            |    87 |    83 ||   170
Block: Buckler           |     6 |    12 ||    18

Table legend:
 A = Non-vault XP
 B = Vault XP
 C = Vault XP percentage of total XP
 D = Non-vault monster count
 E = Vault monster count
 F = Vault count percentage of total count
                 A         B        C        D         E       F
            +---------+---------+-------+---------+---------+-------
      Total |     109 |      48 |  30.6 |      45 |      19 |  29.7
            +---------+---------+-------+---------+---------+-------
        D:1 |      21 |       9 |  30.0 |      11 |       7 |  38.9
        D:2 |      74 |       0 |   0.0 |      28 |       0 |   0.0
        D:3 |      14 |      39 |  73.6 |       6 |      12 |  66.7
            +---------+---------+-------+---------+---------+-------
